 Dungeon Crawl Stone Soup version 0.31-a0-202-g547052bce9 (webtiles) character file.

Game seed: 15917454542247786893

171 qw the Skirmisher (level 5, -3/29 HPs)
             Began as a Deep Elf Hunter on June 26, 2023.
             Was an Initiate of Okawaru.
             Killed from afar by Dowan (12 damage)
             ... with a stone arrow
             ... on level 3 of the Dungeon.
             The game lasted 00:01:15 (2854 turns).

qw the Skirmisher (Deep Elf Hunter)                 Turns: 2854, Time: 00:01:15

Health: -3/29      AC:  6    Str: 21    XL:     5   Next: 26%
Magic:  2/2        EV: 12    Int: 12    God:    Okawaru [......]
Gold:   194        SH:  5    Dex: 18    Spells: 4/4 levels left

rFire   + . .        a - +7 triple crossbow of the Crypt {antimagic, rF+ rN+ Str+5}
rCold   . . .        (shield currently unavailable)
rNeg    + . .        k - +0 ring mail
rPois   .            b - +0 helmet
rElec   .            (no cloak)
rCorr   .            (no gloves)
SInv    .            (no boots)
Will    .....        j - amulet of reflection
Stlth   +            p - +6 ring of strength
HPRegen 0.24/turn    (no ring)
MPRegen 0.08/turn

%: reflection
@: no status effects
A: dopey 1, high MP 1
a: Renounce Religion


You were on level 3 of the Dungeon.
You worshipped Okawaru.
Okawaru was noncommittal.
You visited 1 branch of the dungeon, and saw 4 of its levels.

You collected 194 gold pieces.


Innate Abilities, Weirdness & Mutations

You are dopey. (Int -2)
You have an increased reservoir of magic. (+10% MP)


   Skills:
 - Level 1.5 Fighting
 + Level 8.7 Ranged Weapons
 - Level 2.4 Dodging
 - Level 1.2 Stealth


You had 4 spell levels left.
You didn't know any spells.
Your spell library was empty.

Inventory:

Hand Weapons
 a - the +7 triple crossbow of the Crypt (weapon) {antimagic, rF+ rN+ Str+5}
   (You acquired it on level 2 of the Dungeon)

   Str:       It affects your strength (+5).
   rF:        It protects you from fire.
   rN:        It protects you from negative energy.
Armour
 b - a +0 helmet (worn)
 k - a +0 ring mail (worn)
Jewellery
 f - a ring of fire
 j - an amulet of reflection (around neck)
 p - a +6 ring of strength (left hand)
Potions
 d - a potion of curing {unknown}
 e - a potion of haste {unknown}
 g - a potion of lignification {unknown}
 i - a potion of enlightenment {unknown}
 l - a potion of mutation
 m - a potion of degeneration {unknown}
 o - a potion of brilliance {unknown}

Dungeon Overview and Level Annotations

Branches:
Dungeon (4/15)
 Temple: D:4-7

Altars:
Okawaru

Annotations:
D:3 3 runed translucent doors, Dowan; qw's ghost, amateur DEHu


Message History

You climb downwards.
Level annotation: Dowan; Duvessa Duvessa completely misses you.
There is a stone staircase leading up here.
There are monsters nearby!
You shoot a bolt. The bolt hits Duvessa.
Duvessa is moderately wounded.
Dowan says, "Stay away from my face!"
Dowan hits you with a +0 dagger. Duvessa hits you with a +0 rapier.
Dowan hits you with a +0 dagger.
Duvessa says, "When magic and the sword combine, nothing stands against them."
Duvessa hits you with a +0 rapier.
2850 ||| STAIRDANCE Dowan gestures at Duvessa while chanting.
Duvessa seems to speed up.
Duvessa misses you.
You climb upwards.
Level annotation: 3 runed translucent doors, qw's ghost, amateur DEHu
There is a stone staircase leading down here.
You shoot a bolt. The bolt barely misses Duvessa.
Duvessa hits you with a +0 rapier. You block Dowan's attack.
Duvessa hits you with a +0 rapier. Dowan misses you. Duvessa barely misses you.
You shoot a bolt. The bolt hits Duvessa!!
Duvessa is almost dead.
Duvessa closely misses you. Dowan casts a spell at you.
You block puff of frost... and reflect it back!
The puff of frost hits Dowan.
Duvessa hits you with a +0 rapier. You block Dowan's attack.
Duvessa says, "My weaknesses are his strengths!"
Duvessa closely misses you.
You shoot a bolt. The bolt hits Duvessa!
You kill Duvessa!
Okawaru is honoured by your kill.
Dowan seems overcome with grief.
Dowan seems to find hidden reserves of power!
Dowan casts a spell.
Dowan blinks!
Dowan casts a spell at you. The stone arrow hits you!
You die...

####.....##[##......##....##.....
.........)..........#####........
.........[))...#....### ##.......
####........#.##......# ##......
#.....##.#.........# #......
#..>..##...........# ###......
#.....####..#...)..###........
####.## #..#ยค.........#......
#.# ##..#@......####...... ###
#.# #..#..).....# #......
..#####.# #.......e...# #......
#.......####...#.......# #......
#######.......)#.......## ##.....
#######.................#####....
.........#....######.[....#######
#.....#..#..#.# #.##..........
#####....#..#.# #..###........


You could see Dowan (fast).

Vanquished Creatures
  Duvessa (D:3)
  An orc priest (D:3)
  Terence (D:3)
  An orc wizard (D:3)
  Robin (D:2)
  An adder (D:2)
  A worm (D:2)
  2 dart slugs
  3 orcs (D:3)
  4 endoplasms
  3 giant cockroaches
  13 goblins
  2 hobgoblins
  4 jackals (D:2)
  A quokka (D:2)
  5 ball pythons
  5 bats
  2 frilled lizards
  8 kobolds
  3 rats
62 creatures vanquished.

Notes
Turn   | Place    | Note
-------+----------+-------------------------------------------
     0 | D:1      | qw the Deep Elf Hunter began the quest for the Orb.
     0 | D:1      | Reached XP level 1. HP: 12/12 MP: 3/3
     0 | D:1      | 0 ||| qw: Version: 0.3-a-22-g0ed2b0b
     0 | D:1      | 0 ||| qw: Game counter: 6024
     0 | D:1      | 0 ||| qw: Melee chars always use a shield: true
     0 | D:1      | 0 ||| qw: God list: Okawaru
     0 | D:1      | 0 ||| qw: Allow faded altars: false
     0 | D:1      | 0 ||| qw: Do Orc after clearing Dungeon:15 true
     0 | D:1      | 0 ||| qw: Do second Lair branch before Depths: true
     0 | D:1      | 0 ||| qw: Lair rune preference: random
     0 | D:1      | 0 ||| qw: Goals: Normal
     0 | D:1      | 0 ||| PLANNING D:1-11
     4 | D:1      | Noticed a merfolk
     4 | D:1      | Noticed a minotaur
     6 | D:1      | Noticed an elf
     8 | D:1      | Noticed an armataur
     8 | D:1      | Noticed a demonspawn
    10 | D:1      | Noticed a vine stalker
    10 | D:1      | Noticed an octopode
    12 | D:1      | Noticed a troll
    12 | D:1      | Noticed a spriggan
    14 | D:1      | Noticed a felid
    14 | D:1      | Noticed an ogre
    16 | D:1      | Noticed a draconian
    16 | D:1      | Noticed a gargoyle
    18 | D:1      | Noticed a human
    18 | D:1      | Noticed a vampire
    20 | D:1      | Noticed a demigod
    20 | D:1      | Noticed a ghoul
    22 | D:1      | Noticed a tengu
    22 | D:1      | Noticed a meteoran
    24 | D:1      | Noticed a formicid
    24 | D:1      | Noticed a naga
    26 | D:1      | Noticed a ghoul
   274 | D:1      | Reached skill level 6 in Ranged Weapons
   274 | D:1      | Reached XP level 2. HP: 16/16 MP: 4/4
   321 | D:1      | Found a faded altar of an unknown god.
   739 | D:1      | 739 ||| UPGRADING to +0 ring mail.
   749 | D:1      | 749 ||| DROPPING +0 leather armour.
   750 | D:1      | 750 ||| UPGRADING to amulet of reflection.
   755 | D:1      | 755 ||| READING scroll labelled QUFEZISAOL.
   758 | D:1      | 758 ||| READING scroll labelled YSIW QOAJEIN.
   759 | D:1      | 759 ||| READING scroll labelled BATSUCZ GETHIZ.
   760 | D:1      | 760 ||| DROPPING scroll of butterflies.
   839 | D:2      | Noticed Robin
   840 | D:2      | 840 ||| Stepping ~*~*~tactically~*~*~ (outnumbered).
   846 | D:2      | 846 ||| Stepping ~*~*~tactically~*~*~ (outnumbered).
   865 | D:2      | Killed Robin
   866 | D:2      | Reached XP level 3. HP: 12/20 MP: 5/5
   871 | D:2      | 871 ||| FLEEEEING.
   872 | D:2      | 872 ||| FLEEEEING.
   873 | D:2      | 873 ||| FLEEEEING.
   874 | D:2      | 874 ||| FLEEEEING.
   875 | D:2      | 875 ||| FLEEEEING.
   876 | D:2      | 876 ||| FLEEEEING.
   877 | D:2      | 877 ||| FLEEEEING.
   878 | D:2      | 878 ||| FLEEEEING.
   879 | D:2      | 879 ||| FLEEEEING.
   880 | D:2      | 880 ||| FLEEEEING.
   881 | D:2      | 881 ||| FLEEEEING.
   882 | D:2      | 882 ||| FLEEEEING.
   883 | D:2      | 883 ||| FLEEEEING.
   884 | D:2      | 884 ||| FLEEEEING.
   885 | D:2      | 885 ||| FLEEEEING.
   886 | D:2      | 886 ||| FLEEEEING.
   887 | D:2      | 887 ||| FLEEEEING.
   888 | D:2      | 888 ||| FLEEEEING.
   889 | D:2      | 889 ||| FLEEEEING.
   890 | D:2      | 890 ||| FLEEEEING.
   891 | D:2      | 891 ||| FLEEEEING.
   892 | D:2      | 892 ||| FLEEEEING.
   893 | D:2      | 893 ||| FLEEEEING.
   894 | D:2      | 894 ||| FLEEEEING.
   957 | D:2      | Reached skill level 7 in Ranged Weapons
  1175 | D:2      | Reached XP level 4. HP: 25/25 MP: 6/6
  1748 | D:2      | 1748 ||| UPGRADING to +0 helmet.
  1753 | D:2      | 1753 ||| READING scroll labelled NUDGHE NISIN.
  1753 | D:2      | Identified a scroll of acquirement
  1753 | D:2      | 1753 ||| ACQUIRING +7 triple crossbow of the Crypt
                  | {antimagic, rF+ rN+ Str+5}
  1753 | D:2      | Acquired the +7 triple crossbow of the Crypt {antimagic,
                  | rF+ rN+ Str+5}
  1755 | D:2      | 1755 ||| SWAPPING to +7 triple crossbow of the Crypt
                  | {antimagic, rF+ rN+ Str+5}.
  1756 | D:2      | 1756 ||| DROPPING +0 shortbow.
  1757 | D:2      | 1757 ||| READING scroll labelled ZOSHRUO GUNGYIG.
  1786 | D:3      | Noticed Terence
  1790 | D:3      | Killed Terence
  1791 | D:3      | Reached skill level 8 in Ranged Weapons
  1850 | D:3      | Reached XP level 5. HP: 29/29 MP: 2/7
  1991 | D:3      | Found an iron altar of Okawaru.
  1992 | D:3      | 1992 ||| PLANNING OKAWARU WORSHIP
  1992 | D:3      | 1992 ||| UPGRADING to +6 ring of strength.
  1993 | D:3      | 1993 ||| READING scroll labelled QUOSAMN ITOIRO.
  2094 | D:3      | 2094 ||| READING scroll labelled KIADUANL QOOT.
  2095 | D:3      | 2095 ||| READING scroll labelled LERUFI BATSUCVU.
  2096 | D:3      | 2096 ||| DRINKING 2 bubbling clear potions.
  2096 | D:3      | Gained mutation: You are dopey. (Int -2) [potion of
                  | mutation]
  2096 | D:3      | Gained mutation: You have an increased reservoir of magic.
                  | (+10% MP) [potion of mutation]
  2103 | D:3      | Became a worshipper of Warmaster Okawaru
  2104 | D:3      | 2104 ||| PLANNING D:1-11
  2256 | D:3      | Found a runed translucent gate.
  2256 | D:3      | Found a runed translucent gate.
  2256 | D:3      | Found a runed translucent gate.
  2260 | D:3      | Noticed qw's ghost (amateur DEHu)
  2260 | D:3      | Noticed qw's ghost (amateur DEHu)
  2618 | D:3      | 2618 ||| Stepping randomly (stuck).
  2649 | D:4      | Noticed Duvessa
  2649 | D:4      | Noticed Dowan
  2652 | D:4      | 2652 ||| STAIRDANCE
  2726 | D:4      | 2726 ||| STAIRDANCE
  2850 | D:4      | 2850 ||| STAIRDANCE
  2854 | D:3      | Killed Duvessa
  2854 | D:3      | Killed from afar by Dowan

Levels and vault maps discovered:
D:1:      kb_arrival_jail, layout_basic, shapermc_ecumenical_altar_totnotflames,
          serial_forest, infiniplex_forest_clump_long,
          infiniplex_forest_lined_corner, infiniplex_forest_lined_2,
          infiniplex_forest_lined_corner, infiniplex_forest_end_2,
          minmay_tromino_v4_c
D:2:      layout_basic, uniq_robin
D:3:      layout_rooms, nicolae_overflow_crystal_walls,
          gammafunk_ghost_cemetery, nrook_campfire, uniq_terence
D:4:      layout_loops_ring, serial_undead, serial_undead_d, serial_undead_f,
          serial_undead_f, serial_undead_a, uniq_sigmund, uniq_duvessa

Skill      XL: |  1  2  3  4 |
---------------+-------------+-----
Ranged Weapons | 6 7 8 |  8.7
Fighting       | |  1.5
Dodging        | |  2.4
Stealth        | |  1.2

Action                     |  1- 3 |  4- 6 || total
---------------------------+-------+-------++-------
   Fire: Shortbow          |    91 |    18 ||   109
         Triple crossbow   |       |    25 ||    25
    Use: Scroll            |     3 |     5 ||     8
         Potion            |       |     1 ||     1
 Armour: Ring mail         |    14 |     3 ||    17
  Dodge: Dodged            |    18 |    11 ||    29
  Block: Other             |    18 |     5 ||    23
         Reflection        |     1 |     1 ||     2

Table legend:
 A = Non-vault XP
 B = Vault XP
 C = Vault XP percentage of total XP
 D = Non-vault monster count
 E = Vault monster count
 F = Vault count percentage of total count
                 A         B        C        D         E       F
            +---------+---------+-------+---------+---------+-------
      Total |     166 |     233 |  58.4 |      46 |      16 |  25.8
            +---------+---------+-------+---------+---------+-------
        D:1 |      18 |       3 |  14.3 |      11 |       2 |  15.4
        D:2 |      53 |      38 |  41.8 |      22 |      12 |  35.3
        D:3 |      95 |     192 |  66.9 |      13 |       2 |  13.3
            +---------+---------+-------+---------+---------+-------
